 Dungeon Crawl Stone Soup version 0.30-a0-626-gd6a5dd7a1f (webtiles) character file.

Game seed: 3413941968809118019

172 NinjaNoafa the Ducker (level 5, -1/61 HPs)
             Began as a Merfolk Gladiator on Jan 11, 2023.
             Slain by Menkaure (3 damage)
             ... on level 4 of the Dungeon.
             The game lasted 00:04:21 (2095 turns).

NinjaNoafa the Ducker (Merfolk Gladiator)           Turns: 2095, Time: 00:04:22

Health: -1/61      AC: 22    Str: 14    XL:     5   Next: 53%
Magic:  5/5        EV:  2    Int:  7    God:
Gold:   53         SH:  0    Dex: 18    Spells: 4/4 levels left

rFire   . . .      SeeInvis .    (no weapon)
rCold   . . .      Faith    .    (no shield)
rNeg    . . .      Spirit   .    (body armour currently unavailable)
rPois   +          Reflect  .    (helmet currently unavailable)
rElec   .          Harm     .    (cloak currently unavailable)
rCorr   .          Rampage  .    (gloves currently unavailable)
Will    .....      NoTele   +    (boots currently unavailable)
Stlth   ++                       (no amulet)
HPRegen 0.30/turn                (no ring)
MPRegen 0.09/turn                (no ring)

@: tree-form
A: stationary, stasis, torment immunity, boosted hp, (nimble swimmer 2),
(mertail)
a: no special abilities


You were on level 4 of the Dungeon.
You were a tree.
You visited 1 branch of the dungeon, and saw 4 of its levels.

You collected 169 gold pieces.
You spent 116 gold pieces at shops.

Inventory:

Hand Weapons
 m - a +1 dagger of protection
Missiles
 d - 2 throwing nets (quivered)
 q - 2 curare-tipped darts
 v - 5 poisoned darts
Armour
 b - a +0 leather armour (melded)
 c - a +0 helmet (melded)
 l - a +0 pair of boots (melded)
 t - a +0 pair of gloves (melded)
Jewellery
 u - an amulet of faith
Scrolls
 f - 3 scrolls of teleportation {unknown}
 g - 3 scrolls of identify {unknown}
 h - a scroll of enchant armour {unknown}
 k - a scroll of silence {unknown}
 o - a scroll of immolation {unknown}
 p - a scroll of amnesia {unknown}
Potions
 a - a potion of mutation {unknown}
 e - a potion of resistance {unknown}
 i - 2 potions of might {unknown}
 j - 3 potions of attraction
 n - a potion of heal wounds {unknown}
 s - a potion of cancellation {unknown}


   Skills:
 - Level 3.5 Fighting
 - Level 4.7 Short Blades
 + Level 2.0 Throwing
 - Level 5.2 Dodging
 - Level 2.8 Stealth


You had 4 spell levels left.
You didn't know any spells.
Your spell library contained the following spells:

 Spells                   Type           Power      Damage    Failure   Level
 Frozen Ramparts          Ice            0%         1d1       80%         3
 Summon Guardian Golem    Hex/Summ       0%         N/A       80%         3
 Ice Form                 Ice/Tmut       0%         N/A       99%         4
 Summon Ice Beast         Ice/Summ       0%         N/A       99%         4
 Orb of Destruction       Conj           0%         9d5       100%        7
 Spellforged Servitor     Conj/Summ      0%         N/A       100%        7


Dungeon Overview and Level Annotations

Branches:
Dungeon (4/15)
 Temple: D:4-7

Altars:
Kikubaaqudgha

Shops:
D:3 !   D:4 *

Annotations:
D:4 Menkaure


Innate Abilities, Weirdness & Mutations

You are a tree.
Your roots penetrate the ground, keeping you stationary.
You cannot be teleported.
You are immune to unholy pain and torment.
Your maximum health is greatly increased.
Your equipment is partially melded.
((You are very nimble when in or above water. (Stealth+, EV+, Speed+++)))
((Your lower body shifts to a powerful aquatic tail in water.))


Message History

You kill the adder!
You feel sick.
You are no longer poisoned.
HP restored.
There is an open door here.
There is an entrance to Orautu's Serpentskin Sales here.
You can access your shopping list by pressing '$'.
q - 2 curare-tipped darts Thank you for shopping at Orautu's Serpentskin Sales!
You can access your shopping list by pressing '$'.
v - 5 poisoned darts Thank you for shopping at Orautu's Serpentskin Sales!
You can access your shopping list by pressing '$'.
You open the door.
Menkaure, Prince of Dust comes into view.
Found a scroll labelled HIUSOG KOKHLU.
There is an open door here.
Menkaure shouts!
Menkaure calls on the powers of darkness!
Your body is wracked with pain!
Found a scroll labelled OSTERI JUOCRI.
You are too injured to fight recklessly!
Menkaure casts a spell at you. Pain shoots through your body!
* * * LOW HITPOINT WARNING * * *
Okay, then.
Menkaure misses you.
Really quaff the potion of lignification?
You turn into a tree.
Your +0 helmet melds into your body.
Your +0 pair of gloves melds into your body.
Your +0 pair of boots melds into your body.
Your +0 leather armour melds into your body.
Your roots penetrate the ground.
Your +1 dagger of protection goes still.
You are now empty-handed.
Menkaure hits you!
* * * LOW HITPOINT WARNING * * *
You hit Menkaure but do no damage. You punch Menkaure.
Menkaure is lightly damaged.
Menkaure hits you.
You die...

##...##
....... .##
#...?. ..###
..... #....
#..?###..#
##.......#
#........###
#M♣......# #
#........#
#.#
#........#
#.#
#.##...###
#.# #.
###'## #.#
.. #...# #.#
..# #.∩.#
#.# ##.
#...#
#.####.#
##'###
#.......


You could see Menkaure.

Vanquished Creatures
  A water moccasin (D:4)
  An adder (D:4)
  A worm (D:2)
  3 orcs (D:3)
  7 endoplasms
  A giant cockroach (D:3)
  6 goblins
  6 hobgoblins
  3 jackals (D:2)
  3 kobolds
  3 quokkas
  2 ball pythons (D:1)
  8 bats
  2 frilled lizards (D:1)
  4 rats
51 creatures vanquished.

Notes
Turn   | Place    | Note
-------+----------+-------------------------------------------
     0 | D:1      | NinjaNoafa the Merfolk Gladiator began the quest for the
                  | Orb.
     0 | D:1      | Reached XP level 1. HP: 16/16 MP: 1/1
   208 | D:1      | Reached XP level 2. HP: 23/23 MP: 2/2
   253 | D:1      | Reached skill level 1 in Stealth
   267 | D:1      | Found a faded altar of an unknown god.
   650 | D:1      | Reached XP level 3. HP: 26/28 MP: 3/3
  1297 | D:3      | Found an ancient bone altar of Kikubaaqudgha.
  1387 | D:3      | Found Kizink's Distillery.
  1395 | D:3      | Bought a potion of lignification for 39 gold pieces
  1419 | D:3      | Bought a potion of attraction for 39 gold pieces
  1990 | D:3      | Reached XP level 4. HP: 34/34 MP: 4/4
  2042 | D:4      | Found Orautu's Serpentskin Sales.
  2042 | D:4      | Noticed a water moccasin
  2048 | D:4      | Killed a water moccasin
  2049 | D:4      | Reached skill level 5 in Dodging
  2049 | D:4      | Reached XP level 5. HP: 41/41 MP: 5/5
  2086 | D:4      | Bought 2 curare-tipped darts for 14 gold pieces
  2086 | D:4      | Bought 5 poisoned darts for 24 gold pieces
  2088 | D:4      | Noticed Menkaure
  2094 | D:4      | HP: 2/61 [Menkaure (17)]
  2095 | D:4      | Slain by Menkaure

Illustrated notes

Levels and vault maps discovered:
D:1:      lightli_arrival_lavapool, layout_loops_ring,
          dreamdust_ecumenical_altar_statues
D:2:      layout_basic, wad_floor_pattern_untrapped
D:3:      layout_loops_ring, nicolae_kikubaaqudgha_miasma_corner, serial_shops,
          shop, minivault_26
D:4:      layout_loops_ring, guppyfry_shop_venom, uniq_menkaure

Skill      XL: |  1  2  3  4 |
---------------+-------------+-----
Stealth        | 1 2 |  2.8
Short Blades   | 4 |  4.7
Fighting       | 3 |  3.5
Dodging        | 5 |  5.2
Throwing       | |  2.0

Action                   |  1- 3 |  4- 6 || total
-------------------------+-------+-------++-------
Melee: Rapier            |    45 |       ||    45
       Dagger            |   109 |    20 ||   129
       Unarmed           |       |     1 ||     1
       Punch             |       |     1 ||     1
Throw: Javelin           |    10 |     1 ||    11
       Throwing net      |     1 |       ||     1
  Use: Potion            |       |     1 ||     1
 Stab: Sleeping          |     4 |     2 ||     6
Armor: Leather armour    |    41 |     6 ||    47
Dodge: Dodged            |   110 |    13 ||   123

Table legend: (Time is in decaauts)
 A = Elapsed time spent in this place.
 B = Non-inter-level travel time spent in this place.
 C = Inter-level travel time spent in this place.
 D = Time resting spent in this place.
 E = Time spent auto-exploring this place.
 F = Levels seen in this place.
 G = Mean time per level.
                   A        B        C        D        E       F      G
               +--------+--------+--------+--------+--------+-----+--------+
         Total |   2070 |   2008 |     62 |      0 |   1519 |   4 |  517.5 |
       Dungeon |   2070 |   2008 |     62 |      0 |   1519 |   4 |  517.5 |
               +--------+--------+--------+--------+--------+-----+--------+

Top non-repeatable levels by time:
     D:1: 757 daAuts
     D:3: 713 daAuts
     D:2: 518 daAuts
     D:4: 81 daAuts
